 Dungeon Crawl Stone Soup version 0.30-a0-723-gc1506a1cf0 (webtiles) character file.

Game seed: 14165472927710201065

30 jimonade the Shooter (level 3, -8/27 HPs)
             Began as a Formicid Hunter on Jan 28, 2023.
             Mangled by Sigmund
             ... wielding a +0 scythe
              (9 damage)
             ... on level 2 of the Dungeon.
             The game lasted 00:01:28 (1091 turns).

jimonade the Shooter (Formicid Hunter)              Turns: 1091, Time: 00:01:29

Health: -8/27      AC:  3    Str: 15    XL:     3   Next: 35%
Magic:  3/3        EV: 12    Int:  8    God:
Gold:   64         SH:  0    Dex: 19    Spells: 2/2 levels left

rFire   . . .      SeeInvis +    a - +0 shortbow
rCold   . . .      Faith    .    (no shield)
rNeg    . . .      Spirit   .    c - +0 leather armour
rPois   .          Reflect  .    (helmet unavailable)
rElec   .          Harm     .    (no cloak)
rCorr   .          Rampage  .    (no gloves)
Will    .....                    (no boots)
Stlth   ++                       (no amulet)
HPRegen 0.24/turn                (no ring)
MPRegen 0.08/turn                (no ring)

@: no status effects
A: permanent stasis, dig shafts and tunnels, antennae 3, four strong arms
a: Dig, Shaft Self


You were on level 2 of the Dungeon.
You visited 1 branch of the dungeon, and saw 2 of its levels.

You collected 64 gold pieces.

Inventory:

Hand Weapons
 a - a +0 shortbow (weapon)
Missiles
 g - 2 poisoned darts
Armour
 c - a +0 leather armour (worn)
 k - a +0 ring mail
 l - a +0 chain mail
Scrolls
 b - a scroll of immolation
 d - a scroll of amnesia {unknown}
 e - a scroll of noise {unknown}
 h - a scroll of torment {unknown}
 j - a scroll of vulnerability {unknown}
Potions
 f - a potion of curing {unknown}
 i - 2 potions of attraction {unknown}


   Skills:
 - Level 2.1 Fighting
 + Level 5.0 Ranged Weapons
 - Level 1.7 Dodging
 - Level 1.2 Stealth


You had 2 spell levels left.
You didn't know any spells.
Your spell library was empty.

Dungeon Overview and Level Annotations

Branches:
Dungeon (2/15)

Altars:

Annotations:
D:2 Sigmund


Innate Abilities, Weirdness & Mutations

You cannot be hasted, slowed, berserked, paralysed or teleported.
You can dig through walls and to a lower floor.
You have a pair of large antennae on your head. (SInv)
Your four strong arms can wield two-handed weapons with a shield.


Message History

You shoot an arrow. The arrow hits the adder!
The adder is almost dead.
You feel sick. The adder bites you.
You are more poisoned.
The adder poisons you! The adder closely misses you.
Fire: a) +0 shortbow
Press: ? - help, Q - select action, (/) - cycle Shift-Dir - straight line, f/p - adder
Aim: an adder (almost dead, 48% to hit)
You shoot an arrow. The arrow misses the adder.
You feel sick. The adder bites you but does no damage.
Fire: a) +0 shortbow
Press: ? - help, Q - select action, (/) - cycle Shift-Dir - straight line, f/p - adder
Aim: an adder (almost dead, 48% to hit)
You shoot an arrow. The arrow hits the adder!
You kill the adder!
You feel sick. Sigmund barely misses you. The adder misses you.
Your Ranged Weapons skill increases to level 5!
You retract your mandibles.
You feel sick.
Fire: a) +0 shortbow
Press: ? - help, Q - select action, (/) - cycle Shift-Dir - straight line, f - adder
Aim: an adder (48% to hit)
You shoot an arrow. The arrow misses the adder.
You feel sick. The adder bites you but does no damage. The adder bites you.
* * * LOW HITPOINT WARNING * * *
Sigmund misses you.
Fire: a) +0 shortbow
Press: ? - help, Q - select action, (/) - cycle Shift-Dir - straight line, f/p - adder
Aim: an adder (48% to hit)
You shoot an arrow. The arrow barely misses the adder.
* * * LOW HITPOINT WARNING * * *
You feel sick. The adder bites you but does no damage.
Fire: a) +0 shortbow
Press: ? - help, Q - select action, (/) - cycle Shift-Dir - straight line, f/p - adder
Aim: an adder (48% to hit)
You shoot an arrow. The arrow closely misses the adder.
You feel sick.
You are no longer poisoned.
The adder bites you but does no damage.
Sigmund hits you from afar with a +0 scythe!
You die...

##.....##..#.####
#.##.# .
##†....#..#....#
#.##.# ..
##....#.#####.#
#.##<# .. ##...'.#
#.###'#### ###'
####..#.# #........#
#.... #.###.#.#
###......#
#.....#..####.#
#......#
'...(.).w.###.#
#......#
#.....#@...##@#
###+#### #....
#.....#S# #.#### ###'
##...{#@## #....# ..
##...'..########..#.#
##
##..#...##.......#.#
##.#.#.##.[.....#.#
###.#...<..)..##.#
#.#.##.......#.#
..#.#####....#.#


You could see Sigmund and an adder.

Vanquished Creatures
  An adder (D:2)
  A dart slug (D:2)
  A bat (D:1)
  An endoplasm (D:1)
  A giant cockroach (D:1)
  A goblin (D:2)
  A hobgoblin (D:2)
  3 jackals (D:1)
  A kobold (D:2)
  4 ball pythons
  2 rats
17 creatures vanquished.

Vanquished Creatures (others)
  3 plants (D:1)
3 creatures vanquished.

Grand Total: 20 creatures vanquished

Notes
Turn   | Place    | Note
-------+----------+-------------------------------------------
     0 | D:1      | jimonade the Formicid Hunter began the quest for the Orb.
     0 | D:1      | Reached XP level 1. HP: 16/16 MP: 1/1
   191 | D:1      | Reached XP level 2. HP: 22/22 MP: 2/2
   765 | D:2      | Noticed Sigmund
  1078 | D:2      | Reached XP level 3. HP: 27/27 MP: 3/3
  1088 | D:2      | Reached skill level 5 in Ranged Weapons
  1091 | D:2      | HP: 1/27 [poisoned by an adder]
  1091 | D:2      | Mangled by Sigmund

Illustrated notes

Levels and vault maps discovered:
D:1:      mrwooster_arrival_statue_3, layout_loops_ring, serial_bayou_lagoon_b
D:2:      layout_basic, grunt_decor_clamped, minmay_quadrilaterals, uniq_sigmund

Skill      XL: |  1  2  3 |
---------------+----------+-----
Ranged Weapons | 5 |  5.0
Fighting       | |  2.1
Dodging        | |  1.7
Stealth        | |  1.2

Action                     || total
---------------------------++-------
   Fire: Shortbow          ||    56
Ability: Dig               ||     3
 Armour: Leather armour    ||    10
  Dodge: Dodged            ||    39

Table legend: (Time is in decaauts)
 A = Elapsed time spent in this place.
 B = Non-inter-level travel time spent in this place.
 C = Inter-level travel time spent in this place.
 D = Time resting spent in this place.
 E = Time spent auto-exploring this place.
 F = Levels seen in this place.
 G = Mean time per level.
                   A        B        C        D        E       F      G
               +--------+--------+--------+--------+--------+-----+--------+
         Total |   1127 |   1033 |     94 |     24 |    846 |   2 |  563.5 |
       Dungeon |   1127 |   1033 |     94 |     24 |    846 |   2 |  563.5 |
               +--------+--------+--------+--------+--------+-----+--------+

Top non-repeatable levels by time:
     D:1: 803 daAuts
     D:2: 323 daAuts
